 Dungeon Crawl Stone Soup version 0.22-a0-305-gd21a89c (webtiles) character file.

1090 tilp the Grappler (level 8, -2/68 HPs)
             Began as a Troll Transmuter on Mar 29, 2018.
             Was an Initiate of Cheibriados.
             Slain by a wight
             ... wielding a +3 battleaxe of freezing
              (3 damage)
             ... on level 6 of the Dungeon.
             The game lasted 00:11:38 (3361 turns).

tilp the Grappler (Troll Transmuter)                Turns: 3361, Time: 00:11:39

Health: -2/68      AC:  7    Str: 21    XL:     8   Next: 9%
Magic:  3/8        EV:  9    Int: 11    God:    Cheibriados [......]
Gold:   85         SH:  0    Dex: 11    Spells: 3/9 levels left

rFire    . . .     SeeInvis .     - Unarmed
rCold    . . .     Gourm    +   (no shield)
rNeg     + . .     Faith    .   A - +2 robe {rN+}
rPois    .         Spirit   .   (helmet restricted)
rElec    .         Reflect  .   (no cloak)
rCorr    .         Harm     .   (gloves unavailable)
MR       .....                  (boots unavailable)
Stlth    +.........             (no amulet)
HPRegen  0.61/turn              (no ring)
MPRegen  0.11/turn              (no ring)

@: drained, very slow
A: large, unfitting armour, claws 3, fast metabolism 3, gourmand, regeneration
1, shaggy fur 1, tough skin 2
a: Bend Time, Renounce Religion


You were on level 6 of the Dungeon.
You worshipped Cheibriados.
Cheibriados was noncommittal.
You were full.

You visited 1 branch of the dungeon, and saw 6 of its levels.

You collected 279 gold pieces.
You spent 194 gold pieces at shops.

Inventory:

Missiles
 a - 111 arrows
 c - 189 stones (quivered)
 g - 74 poisoned needles
Armour
 A - a +2 robe of positive energy (worn)
Jewellery
 k - an uncursed ring of wizardry {unknown}
 l - an uncursed ring of positive energy {unknown}
Wands
 x - a wand of clouds (5)
Scrolls
 b - a scroll of enchant weapon {unknown}
 j - 7 scrolls of identify {unknown}
 n - 3 scrolls of remove curse {unknown}
 o - 2 scrolls of magic mapping {unknown}
 p - a scroll of amnesia {unknown}
 r - 2 scrolls of blinking {unknown}
 s - 2 scrolls of immolation {unknown}
 t - 2 scrolls of teleportation {unknown}
 u - 2 scrolls of random uselessness {unknown}
 w - a scroll of noise {unknown}
 y - a scroll of fog {unknown}
 z - a scroll of enchant armour {unknown}
Potions
 e - 2 potions of heal wounds {unknown}
 f - 2 potions of agility {unknown}
 h - 2 potions of might {unknown}
 i - a potion of mutation {unknown}
 m - 3 potions of lignification {unknown}
 q - 2 potions of flight {unknown}
 B - a potion of curing
Comestibles
 d - 12 rations


   Skills:
 - Level 0.7(0.2) Fighting
 - Level 1.5(1.0) Dodging
 - Level 8.0(7.4) Unarmed Combat
 - Level 1.2(0.7) Spellcasting
 + Level 4.7(4.2) Transmutations


You had 3 spell levels left.
You knew the following spells:

 Your Spells              Type           Power        Failure   Level  Hunger
a - Beastly Appendage     Tmut           #.....       6%          1    ##.....
b - Sticks to Snakes      Tmut           #.......     9%          2    ###....
c - Spider Form           Tmut/Pois      #.........   38%         3    ####...


Dungeon Overview and Level Annotations

Branches:
Dungeon (6/15)
 Temple: D:4-7

Altars:
Ashenzari
Cheibriados
Elyvilon
Kikubaaqudgha
Nemelex Xobeh
Ru
Trog
Uskayaw
Vehumet
Xom

Shops:
D:5 *


Innate Abilities, Weirdness & Mutations

You are too large for most types of armour.
You have claws for hands.
Your metabolism is lightning-fast.
You like to eat raw meat.
Your natural rate of healing is unusually fast.
You are covered in fur. (AC +1)
You have very tough skin. (AC +2)


Message History

Cheibriados thoroughly appreciates the change of pace.
You claw the wight!
The wight is severely damaged.
The wight hits you with an enchanted dagger.
Your magical contamination has completely faded away.
You claw the wight!
You destroy the wight!
Cheibriados appreciates the change of pace.
You scratch the wight but do no damage.
The wight hits you with a battleaxe of freezing!!
You partially resist.
You feel drained. The wight freezes you!
* * * LOW HITPOINT WARNING * * *
You claw the wight!
The wight is severely damaged.
You scratch the wight.
The wight is almost destroyed.
The wight hits you with a battleaxe of freezing!
* * * LOW HITPOINT WARNING * * *
You partially resist.
You feel drained.
You die...

..##...............###..#...#####
..##......########## #..<....<...
..##......# ##.........#
..........# #.#.#####..
..........# ....# ### ..........#
#...## ################# #.>#
#### #>...#### #..# ...#
#....@zz###..# ##.##
###....##..##..# #..#
##......###....# ##.### #..######
##...# #...###.## #[......#
###..#..# #...###... ##.#.##
..#.# #. #####...### #.z .#
#.........# #.# .#


You could see 2 wights.

Vanquished Creatures
  A centaur (D:4)
  A bullfrog (D:6)
  2 scorpions (D:4)
  3 wights (D:6)
  3 howler monkeys (D:6)
  A bullfrog skeleton (D:5)
  4 hounds
  An orc wizard (D:4)
  An orc priest (D:2)
  An iguana (D:6)
  4 worker ants (D:4)
  3 gnolls (D:2)
  10 adders
  6 river rats (D:4)
  An ooze (D:3)
  An adder zombie (D:5)
  2 adder skeletons
  3 worms
  2 dart slugs
  3 leopard geckos
  10 orcs
  6 giant cockroaches
  2 hobgoblins
  A jackal (D:4)
  5 quokkas
  3 ball pythons
  8 bats
  2 frilled lizards
  4 goblins
  10 kobolds
  A quokka skeleton (D:4)
  21 rats
126 creatures vanquished.

Notes
Turn   | Place    | Note
-------+----------+-------------------------------------------
     0 | D:1      | tilp the Troll Transmuter began the quest for the Orb.
     0 | D:1      | Reached XP level 1. HP: 18/18 MP: 1/1
   171 | D:1      | Reached XP level 2. HP: 20/26 MP: 2/2
   179 | D:1      | Learned a level 2 spell: Sticks to Snakes
   624 | D:2      | Found a sacrificial altar of Ru.
   652 | D:2      | Reached skill level 4 in Unarmed Combat
   663 | D:2      | Reached XP level 3. HP: 26/32 MP: 1/3
   887 | D:2      | Reached XP level 4. HP: 40/40 MP: 4/4
   914 | D:2      | Reached skill level 5 in Unarmed Combat
  1049 | D:2      | Reached XP level 5. HP: 46/46 MP: 3/5
  1067 | D:2      | Learned a level 3 spell: Spider Form
  1473 | D:3      | Reached skill level 6 in Unarmed Combat
  1529 | D:3      | Found a shimmering altar of Xom.
  1748 | D:3      | Found a sparkling altar of Nemelex Xobeh.
  1887 | D:3      | Found a white marble altar of Elyvilon.
  1887 | D:3      | Found a faded altar of an unknown god.
  1894 | D:3      | Found a radiant altar of Vehumet.
  1896 | D:3      | Found a bloodstained altar of Trog.
  1897 | D:3      | Found a faded altar of an unknown god.
  2062 | D:4      | Reached XP level 6. HP: 51/54 MP: 1/6
  2181 | D:4      | Reached skill level 7 in Unarmed Combat
  2421 | D:4      | Reached skill level 8 in Unarmed Combat
  2446 | D:4      | Reached XP level 7. HP: 58/61 MP: 2/7
  2754 | D:5      | Entered Level 5 of the Dungeon
  2827 | D:5      | Found Eshrolow's General Store.
  2836 | D:5      | Bought a +2 robe of positive energy for 161 gold pieces
  2836 | D:5      | Bought a potion of curing for 33 gold pieces
  2846 | D:5      | Found a hide-covered altar of Uskayaw.
  2852 | D:5      | Found a shattered altar of Ashenzari.
  2937 | D:5      | Found a snail-covered altar of Cheibriados.
  2942 | D:5      | Noticed a dagger
  2942 | D:5      | Noticed a hand axe
  2951 | D:5      | Became a worshipper of Cheibriados the Contemplative
  3024 | D:5      | Found an ancient bone altar of Kikubaaqudgha.
  3351 | D:6      | Reached XP level 8. HP: 63/68 MP: 2/8
  3361 | D:6      | HP: 1/68 [wight/battleaxe of freezing (15)]
  3361 | D:6      | Slain by a wight

Vault maps used:
D:1:      saegor_arrival_simple_e
D:2:      first_ration, nicolae_ru_awakened_eye
D:3:      overflow_temple_1_default, chequers_temple_overflow_minitemple,
          nemelex_xobeh_ov_fountains_minmay, nrook_mini_vaults
D:4:      kennysheep_spiral_hall, dk_rats_in_the_wall
D:5:      cheibrodos_ashenzari_chains, dancing_weapons_uskayaw,
          kiku_gazebo_garden_becter, cheibriados_altar_1, serial_shops, shop

Skill      XL: |  1  2  3  4  5  6  7 |
---------------+----------------------+-----
Unarmed Combat | 4 5 6 8 |  8.0
Transmutations | 4 |  4.7
Fighting       | |  0.7
Dodging        | |  1.5
Spellcasting   | |  1.2

Action                   |  1- 3 |  4- 6 |  7- 9 || total
-------------------------+-------+-------+-------++-------
Melee: Unarmed           |    77 |   182 |    71 ||   330
       Headbutt          |     1 |     6 |     1 ||     8
       Punch             |       |     6 |     1 ||     7
       Kick              |       |     2 |     4 ||     6
Throw: Stone             |     3 |       |       ||     3
 Cast: Beastly Appendage |     6 |    11 |     7 ||    24
       Sticks to Snakes  |       |     3 |     1 ||     4
 Stab: Distracted        |       |     1 |       ||     1
  Eat: Chunk             |    14 |    15 |     7 ||    36
Armor: Robe              |    32 |    53 |    22 ||   107
Dodge: Dodged            |    46 |    90 |    29 ||   165

Table legend:
 A = Spawn XP
 B = Non-spawn XP
 C = Spawn XP percentage of total XP
 D = Spawn monster count
 E = Non-spawn monster count
 F = Spawn count percentage of total count
 G = Total turns spent on level
                    A         B        C        D         E        F      G
               +---------+---------+-------+---------+---------+-------+---------
         Total |       0 |    1558 |   0.0 |       0 |     126 |   0.0 |  3361
               +---------+---------+-------+---------+---------+-------+---------
           D:1 |       0 |      20 |   0.0 |       0 |      15 |   0.0 |   587
           D:2 |       0 |     191 |   0.0 |       0 |      26 |   0.0 |   643
           D:3 |       0 |      44 |   0.0 |       0 |      16 |   0.0 |   695
           D:4 |       0 |     734 |   0.0 |       0 |      52 |   0.0 |   829
           D:5 |       0 |      90 |   0.0 |       0 |       4 |   0.0 |   396
           D:6 |       0 |     479 |   0.0 |       0 |      13 |   0.0 |   211
               +---------+---------+-------+---------+---------+-------+---------
